 Dungeon Crawl Stone Soup version 0.24.0-13-gcf9b319 (webtiles) character file.

Game seed: 13582641905439126343, levelgen mode: deterministic

98 Fang the Skirmisher (level 4, -1/43 HPs)
             Began as a Gargoyle Berserker on Dec 11, 2019.
             Was a Believer of Trog.
             Slain by a gnoll
             ... wielding a +0 halberd
              (14 damage)
             ... on level 2 of the Dungeon.
             The game lasted 00:00:50 (1189 turns).

Fang the Skirmisher (Gargoyle Berserker)            Turns: 1189, Time: 00:00:50

Health: -1/43      AC:  5    Str: 26    XL:     4   Next: 71%
Magic:  4/4        EV: 12    Int:  8    God:    Trog [**....]
Gold:   61         SH:  0    Dex:  9    Spells: 3/3 levels left

rFire    + . .     SeeInvis .   a - +0 hand axe
rCold    + . .     Gourm    .   (no shield)
rNeg     + . .     Faith    .   b - +0 animal skin
rPois    ∞         Spirit   .   (no helmet)
rElec    +         Reflect  .   h - scarf {rC+ rF+}
rCorr    .         Harm     .   (no gloves)
MR       .....                  (no boots)
Stlth    ..........             (no amulet)
HPRegen  0.14/turn              (no ring)
MPRegen  0.09/turn              (no ring)

@: berserking (expiring), very quick
A: negative energy resistance 1, electricity resistance, unbreathing,
petrification resistance, rot immunity, AC +3
a: Berserk, Trog's Hand, Renounce Religion


You were on level 2 of the Dungeon.
You worshipped Trog.
Trog was pleased with you.
You were hungry.

You visited 1 branch of the dungeon, and saw 2 of its levels.

You collected 61 gold pieces.

Inventory:

Hand Weapons
 a - a +0 hand axe (weapon)
Armour
 b - a +0 animal skin (worn)
 h - a scarf of resistance (worn)
Scrolls
 e - a scroll of fear {unknown}
 g - 2 scrolls of remove curse {unknown}
 j - a scroll of identify {unknown}
Potions
 d - a potion of might {unknown}
 i - a potion of flight {unknown}
Comestibles
 c - 4 rations
 f - 2 chunks of flesh


   Skills:
 + Level 4.0 Fighting
 + Level 3.3 Axes
 + Level 3.2 Armour
 + Level 2.3 Dodging


You had 3 spell levels left.
You didn't know any spells.
Your spell library was empty.

Dungeon Overview and Level Annotations

Branches:
Dungeon (2/15)

Altars:


Innate Abilities, Weirdness & Mutations

You are resistant to torment.
Your stone body is resilient. (AC +3)
You are immune to poison.
You resist negative energy. (rN+)
You are resistant to electric shocks. (rElec)
You can survive without breathing.
You are immune to petrification.
You are immune to rotting.


Message History

You closely miss the gnoll. You hit the adder.
You kill the adder!
Trog accepts your kill.
Your Fighting skill increases to level 4!
You hit the gnoll.
You kill the gnoll!
Trog accepts your kill. The gnoll completely misses you.
You are too injured to fight recklessly!
You barely miss the gnoll.
The gnoll is moderately wounded.
You hit the gnoll.
You kill the gnoll!
Trog accepts your kill. The gnoll closely misses you.
You are too injured to fight recklessly!
You closely miss the gnoll.
The gnoll is moderately wounded.
The gnoll hits you with a +0 halberd!
You die...

#..##.# #... ####
#..##.# ##...
....######..##.# #....
.........#..##.# #....
.........#..##.#####....
.........#.........'....
.........#(###.#####....
......)....# #.# #....
......g@.### #.#########
......)††# #.........
.........# ##########
.........# ..........
####....... ##......
#.......


You could see a gnoll.

Vanquished Creatures
  4 gnolls
  3 adders (D:2)
  2 leopard geckos (D:1)
  2 giant cockroaches
  3 goblins
  4 hobgoblins
  4 jackals (D:1)
  4 kobolds
  A quokka (D:2)
  2 bats (D:2)
  2 frilled lizards (D:1)
  3 rats
34 creatures vanquished.

Notes
Turn   | Place    | Note
-------+----------+-------------------------------------------
     0 | D:1      | Fang the Gargoyle Berserker began the quest for the Orb.
     0 | D:1      | Reached XP level 1. HP: 14/14 MP: 1/1
    91 | D:1      | Reached XP level 2. HP: 16/19 MP: 2/2
   388 | D:1      | Reached XP level 3. HP: 19/23 MP: 3/3
   885 | D:2      | Reached ** piety under Trog
  1126 | D:2      | Reached XP level 4. HP: 22/29 MP: 4/4
  1187 | D:2      | Reached skill level 4 in Fighting
  1189 | D:2      | Slain by a gnoll

Levels and vault maps discovered:
D:1:      matt_arrival_diagonals, layout_basic
D:2:      layout_basic, chequers_arboretum

Skill      XL: |  1  2  3  4 |
---------------+-------------+-----
Axes           | 3 |  3.3
Dodging        | 2 |  2.3
Armour         | 3 |  3.2
Fighting       | 4 |  4.0

Action                   |  1- 3 |  4- 6 || total
-------------------------+-------+-------++-------
Melee: Hand axe          |   103 |     9 ||   112
Invok: Berserk           |     1 |     1 ||     2
 Stab: Sleeping          |     1 |       ||     1
  Eat: Chunk             |     2 |       ||     2
Armor: Animal skin       |    31 |     1 ||    32
Dodge: Dodged            |    86 |    15 ||   101
